 Dungeon Crawl Stone Soup version 0.24-a0-132-ge4b1dce (webtiles) character file.

Game seed: 16598606433290913034

358 emperorscorpion the Chopper (level 6, -5/58 HPs)
             Began as a Deep Dwarf Berserker on Feb 27, 2019.
             Was a Believer of Trog.
             Slain by Menkaure (6 damage)
             ... on level 4 of the Dungeon.
             The game lasted 00:04:27 (694 turns).

emperorscorpion the Chopper (Deep Dwarf Berserker)   Turns: 694, Time: 00:04:29

Health: -5/58      AC: 13    Str: 22    XL:     6   Next: 37%
Magic:  6/6        EV:  9    Int:  8    God:    Trog [**....]
Gold:   124        SH:  0    Dex: 12    Spells: 5/5 levels left

rFire    + . .     SeeInvis .   a - +0 hand axe
rCold    + . .     Gourm    .   (no shield)
rNeg     . . .     Faith    .   p - +0 chain mail
rPois    +         Spirit   .   m - +1 helmet
rElec    +         Reflect  .   j - +0 cloak
rCorr    +         Harm     .   g - +0 pair of gloves
MR       ++...                  (no boots)
Stlth    ..........             (no amulet)
HPRegen  1.00/turn              (no ring)
MPRegen  0.10/turn              (no ring)

@: resistant, berserk cooldown, non-regenerating, slowed, very slow
A: damage resistance, heal wounds, sense surroundings 1, no regeneration
a: Heal Wounds, Berserk, Trog's Hand, Renounce Religion


You were on level 4 of the Dungeon.
You worshipped Trog.
Trog was pleased with you.
You were near starving.

You visited 1 branch of the dungeon, and saw 4 of its levels.

You collected 124 gold pieces.

Inventory:

Hand Weapons
 a - a +0 hand axe (weapon)
Armour
 b - a +0 animal skin
 g - a +0 pair of gloves (worn)
 j - a +0 cloak (worn)
 m - a +1 helmet (worn)
 p - a +0 chain mail (worn)
Jewellery
 h - an uncursed ring of protection from magic {unknown}
Scrolls
 d - 2 scrolls of teleportation {unknown}
 e - a scroll of fear {unknown}
 f - a scroll of noise {unknown}
 k - a scroll of enchant armour {unknown}
Potions
 n - a potion of haste {unknown}
 q - 2 potions of lignification {unknown}
Comestibles
 c - 5 rations
 o - a chunk of flesh


   Skills:
 + Level 4.4 Fighting
 + Level 5.6 Axes
 + Level 2.7 Armour
 + Level 3.5 Dodging
 + Level 0.9 Stealth


You had 5 spell levels left.
You didn't know any spells.
Your spell library was empty.

Dungeon Overview and Level Annotations

Branches:
Dungeon (4/15)
 Temple: D:4-7

Altars:

Annotations:
D:4 Menkaure


Innate Abilities, Weirdness & Mutations

You are resistant to damage.
You can heal yourself by infusing magical energy.
You passively map a small area around you.
You do not regenerate.


Message History

Menkaure gestures at you while chanting.
You resist with almost no effort.
You hit Menkaure.
Menkaure is lightly damaged.
Menkaure hits you! Menkaure hits you but does no damage.
You barely miss Menkaure.
Menkaure is lightly damaged.
Menkaure hits you!
Menkaure calls on the powers of darkness!
Your body is wracked with pain!
* * * LOW HITPOINT WARNING * * *
You hit Menkaure but do no damage.
Menkaure is lightly damaged.
Menkaure barely misses you.
You barely miss Menkaure.
Menkaure is lightly damaged.
Menkaure hits you!
* * * LOW HITPOINT WARNING * * *
Menkaure hits you!
You die...

* , , ....> , ,
# #...# *
#.#.... , *.#...
, * * * , ,.$..
, #.<#* , , *
*,#.M# *,, * ,*
#.@# ** * *
######))########
*
......).##.....#
.####...###.##.#
#...#..<##.#
#...#.#.##.# ,
.####...#....#.#
........######.#
* ........# #.#


You could see Menkaure.

Vanquished Creatures
  Grinder (D:3)
  A scorpion (D:4)
  An orc priest (D:4)
  3 orc wizards
  2 adders (D:2)
  A worm (D:2)
  A dart slug (D:1)
  A leopard gecko (D:1)
  6 orcs
  A giant cockroach (D:1)
  5 goblins
  3 hobgoblins
  3 jackals (D:2)
  A ball python (D:3)
  A bat (D:3)
  5 frilled lizards
  4 kobolds
  5 rats
  4 fungi (D:2)
49 creatures vanquished.

Vanquished Creatures (others)
  5 toadstools (D:2)
5 creatures vanquished.

Grand Total: 54 creatures vanquished

Notes
Turn   | Place    | Note
-------+----------+-------------------------------------------
     0 | D:1      | emperorscorpion the Deep Dwarf Berserker began the quest
                  | for the Orb.
     0 | D:1      | Reached XP level 1. HP: 20/20 MP: 1/1
   190 | D:1      | Reached XP level 2. HP: 19/28 MP: 2/2
   269 | D:3      | Noticed Grinder
   276 | D:3      | Reached skill level 4 in Axes
   276 | D:3      | Reached XP level 3. HP: 25/34 MP: 3/3
   281 | D:3      | Killed Grinder
   281 | D:3      | Reached skill level 5 in Axes
   281 | D:3      | Reached XP level 4. HP: 24/44 MP: 4/4
   281 | D:3      | Reached XP level 5. HP: 27/50 MP: 5/5
   291 | D:4      | Noticed Menkaure
   397 | D:2      | Reached ** piety under Trog
   576 | D:2      | Reached XP level 6. HP: 57/57 MP: 6/6
   686 | D:4      | HP: 2/58 [Menkaure (11)]
   694 | D:4      | HP: 1/58 [Menkaure (15)]
   694 | D:4      | Slain by Menkaure

Levels and vault maps discovered:
D:1:      dpeg_chamrin_arrival_tetris, layout_loops_ring, minmay_misc_feat_x,
          minmay_tripent
D:2:      layout_loops_ring, nicolae_dithmenos_shadow_blocks,
          lemuel_doored_altar, minmay_gold_behind_fungi, uniq_robin
D:3:      layout_rooms, dk_vineyard_3, uniq_grinder
D:4:      layout_basic, chequers_temple_overflow_minitemple, uniq_menkaure

Skill      XL: |  1  2  3  4  5 |
---------------+----------------+-----
Fighting       | 3 4 |  4.4
Axes           | 4 5 |  5.6
Dodging        | 3 |  3.5
Armour         | |  2.7
Stealth        | |  0.9

Action                   |  1- 3 |  4- 6 || total
-------------------------+-------+-------++-------
Melee: Hand axe          |    28 |    70 ||    98
Invok: Berserk           |     1 |     4 ||     5
       Trog's Hand       |       |     1 ||     1
 Abil: Heal Wounds       |       |     3 ||     3
  Use: Scroll            |       |     1 ||     1
       Potion            |       |     2 ||     2
 Stab: Sleeping          |     1 |       ||     1
  Eat: Chunk             |       |     3 ||     3
Armor: Animal skin       |     4 |    13 ||    17
       Chain mail        |       |    13 ||    13
Dodge: Dodged            |    11 |    61 ||    72

Table legend:
 A = Non-vault XP
 B = Vault XP
 C = Vault XP percentage of total XP
 D = Non-vault monster count
 E = Vault monster count
 F = Vault count percentage of total count
                 A         B        C        D         E       F
            +---------+---------+-------+---------+---------+-------
      Total |     247 |     265 |  51.8 |      40 |       5 |  11.1
            +---------+---------+-------+---------+---------+-------
        D:1 |      11 |       3 |  21.4 |       5 |       2 |  28.6
        D:2 |      49 |       4 |   7.5 |      14 |       2 |  12.5
        D:3 |      66 |     258 |  79.6 |      15 |       1 |   6.2
        D:4 |     121 |       0 |   0.0 |       6 |       0 |   0.0
            +---------+---------+-------+---------+---------+-------
